 Dungeon Crawl Stone Soup version 0.30-a0-1043-g60ff8d5f49 (webtiles) character file.

Game seed: 3560298246924630606

88 Esekla the Sneak (level 4, 31/31 HPs)
             Began as an Octopode Delver on Apr 9, 2023.
             Quit the game on level 5 of the Dungeon.
             The game lasted 00:00:51 (79 turns).

Esekla the Sneak (Octopode Delver)                    Turns: 79, Time: 00:00:51

Health: 31/31      AC:  1    Str: 11    XL:     4   Next: 53%
Magic:  4/5        EV: 13    Int: 14    God:
Gold:   11         SH:  0    Dex: 13    Spells: 5/5 levels left

rFire   . . .      SeeInvis .    a - +0 falchion
rCold   . . .      Faith    .    (no shield)
rNeg    . . .      Spirit   .    (helmet restricted)
rPois   .          Reflect  .    (no amulet)
rElec   .          Rampage  .    (no ring)
rCorr   .                        (no ring)
Will    .....                    (no ring)
Stlth   +++++                    (no ring)
HPRegen 0.25/turn                (no ring)
MPRegen 0.09/turn                (no ring)
                                 (no ring)
                                 (no ring)

@: no status effects
A: almost no armour, amphibious, 8 rings, camouflage 1, gelatinous body 1,
(nimble swimmer 1), tentacles
a: no special abilities


You were on level 5 of the Dungeon.
You visited 1 branch of the dungeon, and saw 1 of its levels.

You collected 11 gold pieces.

Inventory:

Hand Weapons
 a - a +0 falchion (weapon)
Wands
 f - a wand of digging (3)
Scrolls
 b - a scroll of fog
 d - a scroll of fear
Potions
 e - a potion of haste


   Skills:
 * Level 3.4 Fighting
 * Level 2.4 Long Blades
 * Level 2.5 Dodging
 + Level 7.7 Stealth
 * Level 1.0 Spellcasting


You had 5 spell levels left.
You didn't know any spells.
Your spell library was empty.

Dungeon Overview and Level Annotations

Branches:
Dungeon (5/15)
 Temple: D:4-7

Altars:
The Shining One


Innate Abilities, Weirdness & Mutations

You cannot wear most types of armour.
You are amphibious.
You can wear up to eight rings at the same time.
Your skin changes colour to match your surroundings (Stealth+).
Your rubbery body absorbs attacks. (AC +1, EV +1)
((You are camouflaged when in or above water. (Stealth+)))
You have tentacles for arms and can constrict up to eight enemies at once.


Message History

You have reached level 2!
You have reached level 3!
Your experience leads to an increase in your attributes!
Increase (S)trength, (I)ntelligence, or (D)exterity?
You feel clever. x2
You now have 11 gold pieces.
A scorpion comes into view.
You barely miss the scorpion. You grab the scorpion. You squeeze the scorpion.
The scorpion is lightly wounded.
You constrict the scorpion, but do no damage.
The scorpion barely misses you.
You hit the scorpion but do no damage.
The scorpion is lightly wounded.
You constrict the scorpion, but do no damage.
The scorpion closely misses you. The scorpion barely misses you.
You hit the scorpion but do no damage.
The scorpion is lightly wounded.
You constrict the scorpion, but do no damage.
The scorpion barely misses you.
You hit the scorpion.
The scorpion is moderately wounded.
You constrict the scorpion. The scorpion barely misses you.
The scorpion closely misses you.
You hit the scorpion.
The scorpion is severely wounded.
You constrict the scorpion. The scorpion stings you.
You hit the scorpion but do no damage. You squeeze the scorpion.
You kill the scorpion!
Your Spellcasting skill increases to level 1!
You have reached level 4!
An orc comes into view. It is wielding a +0 club.
An orc priest comes into view. It is wielding a +0 war axe.
An orc comes into view. It is wielding a +0 hand axe.
A hound comes into view.
A hobgoblin zombie and an orc zombie come into view.
Found a stone staircase leading down.
A shadow imp comes into view.
Found 8 stones.
Found a glowing golden altar of the Shining One.
Are you sure you want to abandon this character and quit the game? (Confirm with "yes".)

#>..,*,,...,*,,*,*
#...#,,,..,*,,.,,**
#....###Z##*,.(,,,*
#...#.#..Z##...,,,*
#h.............,,,*
#..............*,*******
#...##.....#,,,,,*,,,,,,
#......###.....,,o,,,,,,
#.####.@###*...,o#,*****
*,* ##...#*,,...#,* *,*
###.#*,,...#,* *,*
#.#*,....#.# *,*
##.##.....#.# *,*
#.........#.# *,*
#..########.# *,* #..#
#.# ******,*** ##..# #.#


There were no monsters in sight!

Vanquished Creatures
  A scorpion (D:5)
  An iguana (D:5)
2 creatures vanquished.

Notes
Turn   | Place    | Note
-------+----------+-------------------------------------------
     0 | D:5      | Esekla the Octopode Delver began the quest for the Orb.
     0 | D:5      | Reached XP level 1. HP: 16/16 MP: 1/1
    11 | D:5      | Noticed a hound
    19 | D:5      | Noticed a hound
    34 | D:5      | Noticed an iguana
    41 | D:5      | Killed an iguana
    42 | D:5      | Reached skill level 7 in Stealth
    42 | D:5      | Reached XP level 2. HP: 21/21 MP: 2/2
    42 | D:5      | Reached XP level 3. HP: 26/26 MP: 3/3
    54 | D:5      | Noticed a scorpion
    62 | D:5      | Killed a scorpion
    63 | D:5      | Reached skill level 1 in Spellcasting
    63 | D:5      | Reached XP level 4. HP: 27/31 MP: 3/5
    76 | D:5      | Found a glowing golden altar of the Shining One.
    79 | D:5      | Quit the game

Illustrated notes

Levels and vault maps discovered:
D:5:      layout_basic, nicolae_tso_besieged_by_evil, uniq_ijyb, uniq_duvessa

Skill      XL: |  1  2  3 |
---------------+----------+-----
Stealth        | 7 |  7.7
Spellcasting   | 1 |  1.0
Fighting       | |  3.4
Long Blades    | |  2.4
Dodging        | |  2.5

Action                     |  1- 3 |  4- 6 || total
---------------------------+-------+-------++-------
  Melee: Falchion          |     7 |       ||     7
         Tentacles         |     3 |       ||     3
         Constrict         |     2 |       ||     2
    Use: Scroll            |     1 |       ||     1
   Stab: Sleeping          |     1 |       ||     1
  Dodge: Dodged            |     6 |       ||     6

Table legend: (Time is in decaauts)
 A = Elapsed time spent in this place.
 B = Non-inter-level travel time spent in this place.
 C = Inter-level travel time spent in this place.
 D = Time resting spent in this place.
 E = Time spent auto-exploring this place.
 F = Levels seen in this place.
 G = Mean time per level.
                   A        B        C        D        E       F      G
               +--------+--------+--------+--------+--------+-----+--------+
         Total |     80 |     80 |      0 |      0 |      0 |   1 |   80.0 |
       Dungeon |     80 |     80 |      0 |      0 |      0 |   1 |   80.0 |
               +--------+--------+--------+--------+--------+-----+--------+

Top non-repeatable levels by time:
     D:5: 80 daAuts
